 Dungeon Crawl Stone Soup version 0.21.1-1-g345015f (webtiles) character file.

37 toffzen the Insei (level 3, -6/18 HPs)
             Began as a Vine Stalker Transmuter on May 25, 2018.
             Killed from afar by a hobgoblin (11 damage)
             ... with a wand of flame (15)
             ... on level 2 of the Dungeon.
             The game lasted 00:02:24 (1542 turns).

toffzen the Insei (Vine Stalker Transmuter)         Turns: 1542, Time: 00:02:25

Health: -6/18      AC:  3    Str: 12    XL:     3   Next: 41%
Magic:  0/7        EV: 12    Int: 14    God:
Gold:   51         SH:  0    Dex: 14    Spells: 3/6 levels left

rFire    . . .     SeeInvis .     - Unarmed
rCold    . . .     Gourm    .   (no shield)
rNeg     . . .     Faith    .   b - +0 robe
rPois    .         Spirit   +   (no helmet)
rElec    .         Reflect  .   (no cloak)
rCorr    .         Harm     .   g - +0 pair of gloves
MR       .....                  (no boots)
Stlth    +.........             (no amulet)
HPRegen  0.06/turn              (no ring)
MPRegen  0.10/turn              (no ring)

@: appendage
A: fangs 2, horns 2, magic shield, antimagic bite, no potion heal 3, rot
immunity
a: End Transformation


You were on level 2 of the Dungeon.
You were not hungry.
You had grown temporary horns.
You visited 1 branch of the dungeon, and saw 2 of its levels.

You collected 51 gold pieces.

Inventory:

Missiles
 a - 24 arrows
 i - 70 stones (quivered)
Armour
 b - a +0 robe (worn)
 g - a +0 pair of gloves (worn)
Wands
 f - a wand of acid (8)
Scrolls
 h - a scroll of teleportation {unknown}
Potions
 e - a potion of heal wounds {unknown}
 j - a potion of might {unknown}
Books
 c - a book of Changes

   Spells                             Type                      Level
   a - Beastly Appendage              Transmutation                1
   b - Sticks to Snakes               Transmutation                2
   c - Spider Form                    Transmutation/Poison         3
   d - Ice Form                       Ice/Transmutation            4
   e - Blade Hands                    Transmutation                5
Comestibles
 d - 2 rations
 k - 10 chunks of flesh


   Skills:
 + Level 1.7 Fighting
 - Level 1.5 Dodging
 * Level 4.0 Unarmed Combat
 - Level 2.1 Spellcasting
 - Level 2.0 Transmutations


You had 3 spell levels left.
You knew the following spells:

 Your Spells              Type           Power        Failure   Level  Hunger
a - Beastly Appendage     Tmut           #.....       11%         1    #......
b - Sticks to Snakes      Tmut           #.......     16%         2    ###....


Dungeon Overview and Level Annotations

Branches:
Dungeon (2/15)

Altars:
Fedhas
Kikubaaqudgha
Nemelex Xobeh

Annotations:
D:2 Robin


Innate Abilities, Weirdness & Mutations

You have extremely sharp teeth.
When hurt, damage is shared between your health and your magic reserves.
Your bite disrupts and absorbs the magic of your enemies.
Potions cannot restore your health.
You are immune to rotting.
You have a pair of horns on your head.


Message History

a dagger; a club x2; a goblin skeleton Unknown command.
i - 70 stones (gained 1)
You start resting.
A hobgoblin comes into view. It is wielding a club.
You start resting.
Magic restored.
The hobgoblin shouts!
The hobgoblin zaps a wand.
The puff of flame hits you!
It is a wand of flame (15).
The hobgoblin hits you with a club.
Casting: Beastly Appendage
Confirm with . or Enter, or press ? or * to list all spells.
You grow a pair of large bovine horns.
The hobgoblin hits you with a club.
* * * LOW HITPOINT WARNING * * *
You hit the hobgoblin. Your bite misses the hobgoblin.
The hobgoblin is lightly wounded.
The hobgoblin zaps a wand.
The puff of flame hits you!
Ouch! That really hurt!
You die...

.## .. . ##.###.. #. #
##..... #. # #....# #.
#....# #.## #.#..# # ..#
#.####.##.# #.###.#
#..g@.....#####...#.#
#.####.##.........._.
...#.##.#)##.##.######.#
#...........##.# #..#
#...##.#######.#####.##
# #.# #......... ...
#.#.###### ..... ...#.#
##.K.## #####.#


You could see a hobgoblin.

Vanquished Creatures
  A dart slug (D:1)
  A leopard gecko (D:2)
  4 bats
  A giant cockroach (D:2)
  8 goblins
  5 hobgoblins
  2 jackals (D:1)
  5 kobolds
  3 rats
30 creatures vanquished.

Notes
Turn   | Place    | Note
-------+----------+-------------------------------------------
     0 | D:1      | toffzen the Vine Stalker Transmuter began the quest for the Orb.
     0 | D:1      | Reached XP level 1. HP: 9/9 MP: 4/4
   207 | D:1      | Reached skill level 1 in Fighting
   508 | D:1      | Reached XP level 2. HP: 14/14 MP: 6/6
   515 | D:1      | Learned a level 2 spell: Sticks to Snakes
  1100 | D:2      | Found a blossoming altar of Fedhas.
  1100 | D:2      | Found an ancient bone altar of Kikubaaqudgha.
  1276 | D:2      | Found a sparkling altar of Nemelex Xobeh.
  1304 | D:2      | Noticed Robin
  1343 | D:2      | Reached XP level 3. HP: 18/18 MP: 5/7
  1502 | D:2      | Reached skill level 4 in Unarmed Combat
  1542 | D:2      | Killed from afar by a hobgoblin

Skill      XL: |  1  2  3 |
---------------+----------+-----
Fighting       | 1 |  1.7
Unarmed Combat | 4 |  4.0
Dodging        | |  1.5
Spellcasting   | |  2.1
Transmutations | |  2.0

Action                   || total
-------------------------++-------
Melee: Unarmed           ||    77
       Bite              ||    14
       Kick              ||     3
       Headbutt          ||     4
       Punch             ||     1
 Cast: Beastly Appendage ||    10
       Sticks to Snakes  ||     1
 Stab: Sleeping          ||     1
  Eat: Chunk             ||     2
Armor: Robe              ||    14
Dodge: Dodged            ||    48
